 Dungeon Crawl Stone Soup version 0.20-a0-268-gb6bde61 (webtiles) character file.

401 tboon the Chopper (level 6, -2/57 HPs)
             Began as a Minotaur Fighter on Dec 6, 2016.
             Killed by divine providence
             ... invoked by an orc priest
              (14 damage)
             ... on level 3 of the Dungeon.
             The game lasted 00:04:36 (2399 turns).

tboon the Chopper (Minotaur Fighter)                Turns: 2399, Time: 00:04:37

Health: -2/57      AC:  8    Str: 20    XL:     6   Next: 54%
Magic:  5/5        EV:  7    Int:  6    God:
Gold:   141        SH:  9    Dex: 11    Spells: 5/5 levels left

rFire  . . .     SeeInvis .     a - +0 war axe
rCold  . . .     Gourm    .     b - +0 scale mail
rNeg   . . .     Faith    .     c - +0 shield
rPois  .         Spirit   .     (helmet restricted)
rElec  .         Reflect  .     (no cloak)
rCorr  .         Harm     .     (no gloves)
MR     .....                    n - +0 pair of boots
Stlth  ..........               (no amulet)
                                (no ring)
                                (no ring)

@: no status effects
A: retaliatory headbutt, horns 2
a: no special abilities


You were on level 3 of the Dungeon.
You were not hungry.

You visited 1 branch of the dungeon, and saw 3 of its levels.

You collected 141 gold pieces.

Inventory:

Hand Weapons
 a - a +0 war axe (weapon)
Armour
 b - a +0 scale mail (worn)
 c - a +0 shield (worn)
 n - a +0 pair of boots (worn)
   (You found it on level 1 of the Dungeon)
Jewellery
 s - an uncursed ring of stealth {unknown}
   (You found it on level 3 of the Dungeon)
Scrolls
 h - a scroll of amnesia {unknown}
 i - a scroll of remove curse {unknown}
 j - a scroll of fog {unknown}
 o - a scroll of identify {unknown}
 r - a scroll of fear {unknown}
Potions
 e - 2 potions of heal wounds {unknown}
 k - 3 potions of curing {unknown}
 l - a potion of resistance {unknown}
 m - 2 potions of degeneration {unknown}
 u - a potion of might
Comestibles
 f - 2 bread rations
 g - a slice of pizza
 p - a beef jerky
 q - a meat ration
 t - 3 fruits


   Skills:
 + Level 6.1 Fighting
 * Level 6.9 Axes
 - Level 3.6 Armour
 - Level 3.6 Shields


You had 5 spell levels left.
You didn't know any spells.

Dungeon Overview and Level Annotations

Branches:
Dungeon (3/15)

Altars:
Dithmenos
Elyvilon
Ru


Innate Abilities, Weirdness & Mutations

You reflexively headbutt those who attack you in melee.
You have a pair of horns on your head.


Message History

You kill the quokka!
No target in view!
No target in view!
No target in view!
You see here a quokka corpse.
Some of the chunks of flesh in your inventory have rotted away.
Eating one of 3 chunks of flesh.
You start eating one of the 3 chunks of flesh.
You are feeling hungry.
This raw flesh tastes terrible.
You see here a morningstar.
A kobold comes into view. It is wielding a club.
The kobold shouts!
The kobold throws a stone.
You block the stone.
The kobold throws a stone.
You block the stone.
You see here a stone.
You block the kobold's attack.
You barely miss the kobold. Your headbutt misses the kobold.
You block the kobold's attack.
You barely miss the kobold. You block the kobold's attack.
The kobold hits you with a club.
You hit the kobold.
You kill the kobold!
No target in view!
Things that are here:
a club; a kobold corpse Done exploring.
An orc and an orc wizard come into view.
The orc shouts!
The orc wizard shouts!
The orc throws a tomahawk.
The tomahawk hits you.
The orc wizard gestures at you while chanting.
The puff of flame hits you!
An orc priest comes into view. It is wielding a hand axe.
You see here a tomahawk.
All of the chunks of flesh in your inventory have rotted away.
The orc wizard hits you but does no damage.
An orc priest comes into view. It is wielding a dagger.
You hit the orc wizard. Your headbutt misses the orc wizard.
The orc wizard is lightly wounded.
The orc priest moves out of view.
The orc wizard hits you but does no damage.
An orc comes into view. It is wielding a club.
The orc shouts!
The orc priest shouts!
You hit the orc wizard.
The orc wizard is moderately wounded.
You slash the orc!
You kill the orc!
You block the orc wizard's attack.
The orc moves out of view.
The orc priest looks satisfied for a moment.
The orc priest invokes the aid of Beogh against you.
Beogh smites you! The orc wizard casts a spell at you.
You resist with some effort.
You closely miss the orc wizard. Your headbutt misses the orc wizard.
The orc wizard is moderately wounded.
The orc wizard barely misses you.
The orc priest miscasts a cantrip.
You hit the orc wizard.
The orc wizard is heavily wounded.
The orc wizard casts a spell at you. The puff of flame hits you!
The orc priest calls upon Beogh to heal the orc wizard.
The orc wizard is healed somewhat.
You barely miss the orc wizard.
The orc wizard is lightly wounded.
The orc wizard gestures at you while chanting.
The magic dart hits you! The orc wizard barely misses you.
You furiously retaliate!
You headbutt the orc wizard! You slash the orc wizard!
You kill the orc wizard!
You hit the orc priest but do no damage.
You headbutt the orc priest.
The orc priest is moderately wounded.
You block the orc priest's attack. You block the orc's attack.
Your shield prevents you from hitting the orc priest.
The orc priest is moderately wounded.
You hit the orc.
The orc priest hits you but does no damage.
The orc hits you with a club.
You closely miss the orc priest.
The orc priest is moderately wounded.
You slash the orc priest!
Your shield and scale mail prevent you from hitting the orc.
You block the orc priest's attack.
The orc priest mumbles some strange prayers to Beogh against you.
Beogh smites you!
* * * LOW HITPOINT WARNING * * *
The orc hits you but does no damage.
The orc priest begins to cast a cantrip, but forgets the words!
The orc priest hits you but does no damage.
You hit the orc priest but do no damage.
Your headbutt misses the orc priest.
The orc priest is moderately wounded.
You slash the orc!
You kill the orc!
You hit the orc priest. The orc priest hits you with a dagger.
* * * LOW HITPOINT WARNING * * *
The orc priest calls down the wrath of Beogh upon you.
Beogh smites you!
You die...

#o##### #####'##
#..... #.....#
#.# #.....
#######o....#
#.# #.....
......'....o#
###.## #.....
#######.....#
#....# #.....
#.....# #....#
#.....
#.....#####....#
######
#####.(..o#....#
#....o@...##
#....)....#
#.........#
#......[..#
#.....###.#
####### #.....#
#.# #.....#
#.....# #.#
####.###.#
####### #.#
#......#.# #.#
#.##.#.#.#


You could see 2 orc priests.

Vanquished Creatures
  Sigmund (D:2)
  2 orc wizards (D:3)
  4 gnolls (D:2)
  7 adders
  A worm (D:2)
  A dart slug (D:3)
  2 leopard geckos
  6 orcs (D:3)
  4 giant cockroaches
  12 goblins
  5 hobgoblins
  3 quokkas
  2 ball pythons
  8 bats
  6 frilled lizards
  10 kobolds
  4 rats
78 creatures vanquished.

Vanquished Creatures (others)
  A quokka (D:3)
1 creature vanquished.

Grand Total: 79 creatures vanquished

Notes
Turn   | Place    | Note
-------+----------+-------------------------------------------
     0 | D:1      | tboon the Minotaur Fighter began the quest for the Orb.
     0 | D:1      | Reached XP level 1. HP: 19/19 MP: 0/0
   117 | D:1      | Reached skill level 3 in Axes
   117 | D:1      | Reached XP level 2. HP: 25/27 MP: 1/1
   125 | D:1      | Reached skill level 4 in Fighting
   484 | D:2      | Noticed Sigmund
   492 | D:2      | Killed Sigmund
   492 | D:2      | Reached skill level 5 in Fighting
   492 | D:2      | Reached skill level 5 in Axes
   492 | D:2      | Reached XP level 3. HP: 10/36 MP: 2/2
   492 | D:2      | Reached XP level 4. HP: 12/42 MP: 3/3
   492 | D:2      | Reached XP level 5. HP: 14/48 MP: 4/4
   856 | D:2      | Reached skill level 6 in Axes
  1125 | D:2      | Reached XP level 6. HP: 56/56 MP: 5/5
  1723 | D:3      | Found a shadowy altar of Dithmenos.
  1742 | D:3      | Found a sacrificial altar of Ru.
  1809 | D:3      | Found a white marble altar of Elyvilon.
  2160 | D:3      | Reached skill level 6 in Fighting
  2398 | D:3      | HP: 14/57 [orc priest/divine providence (7)]
  2399 | D:3      | Killed from afar by an orc priest

Vault maps used:
D:1:      lightli_arrival_statuegarden, minmay_tetromino_l4
D:2:      uniq_sigmund
D:3:      elyvilon_altar_4, nicolae_dithmenos_through_a_glass_darkly,
          nicolae_ru_awakened_eye

Skill      XL: |  1  2  3  4  5  6 |
---------------+-------------------+-----
Axes           | 3 5 6 |  6.9
Fighting       | 5 6 |  6.1
Armour         | |  3.6
Shields        | |  3.6

Action                   |  1- 3 |  4- 6 || total
-------------------------+-------+-------++-------
Melee: War axe           |    53 |   157 ||   210
       Headbutt          |     7 |    15 ||    22
  Use: Potion            |     1 |       ||     1
  Eat: Chunk             |       |     5 ||     5
Armor: Scale mail        |    22 |    78 ||   100
Dodge: Dodged            |    12 |    43 ||    55
Block: Shield            |    25 |    81 ||   106

Vault maps used:
D:1:      lightli_arrival_statuegarden, minmay_tetromino_l4
D:2:      uniq_sigmund
D:3:      elyvilon_altar_4, nicolae_dithmenos_through_a_glass_darkly,
          nicolae_ru_awakened_eye

Table legend:
 A = Turns spent in this place as a percentage of turns spent in the entire game.
 B = Non-inter-level travel turns spent in this place as a percentage of non-inter-level travel turns spent in the entire game.
 C = Inter-level travel turns spent in this place as a percentage of turns spent in this place.
 D = Turns resting spent in this place as a percentage of non-inter-level travel turns spent in this place.
 E = Turns spent auto-exploring this place as a percentage of non-inter-level travel turns spent in this place.
 F = Non-inter-level travel turns spent in this place divided by the number of levels of this place that you've seen.
                   A       B       C       D       E      F
               +-------+-------+-------+-------+-------+----------------------
         Total | 100.0 | 100.0 |   0.5 |   2.3 |  16.1 | 192.3
       Dungeon | 100.0 | 100.0 |   0.5 |   2.3 |  16.1 | 192.3
               +-------+-------+-------+-------+-------+----------------------

Table legend:
 A = Kills in this place as a percentage of kills in entire the game.
 B = Kills by you in this place as a percentage of kills by you in the entire game.
 C = Kills by friends in this place as a percentage of kills by friends in the entire game.
 D = Other kills in this place as a percentage of other kills in the entire game.
 E = Experience gained in this place as a percentage of experience gained in the entire game.
 F = Experience gained in this place divided by the number of levels of this place that you have seen.
                   A       B       C       D       E      F
               +-------+-------+-------+-------+-------+----------------------
         Total | 100.0 | 100.0 |  -nan |  -nan | 100.0 | 191.3
       Dungeon | 100.0 | 100.0 |  -nan |  -nan | 100.0 | 191.3
               +-------+-------+-------+-------+-------+----------------------
